Map: Efflorescence LE

Players

qqq - Winner!

  • Race: Zerg Zerg

Massa - Winner!

  • Race: Terran Terran
  • League: Platinum

Theta

  • Race: Zerg Zerg
  • League: Diamond

IIIIIIIIII

  • Race: Terran Terran
  • League: Platinum

VOD

Have the link to the VOD?

Description

Time

  • Played on: April 18, 2021, 2:58 p.m.
  • Length: 14:06
Show
View Real Time Build Order
Export as new Build Order

qqq Zerg - Winner!

Build Orders: Hatch First, Lurkers 

Get SALT Encoding   

  12  0:05  Drone  
  13  0:11  Drone  
  14  0:25  Overlord  
  14  0:48  Hatchery  
  13  0:56  Drone x2  
  15  1:09  Drone  
  15  1:10  Drone  
  17  1:20  Spawning Pool  
  17  1:22  Extractor  
  15  1:29  Drone  
  15  1:31  Drone  
  17  1:47  Drone  
  18  2:06  Drone x3  
  21  2:16  Drone  
  21  2:17  Queen x2  
  21  2:19  Overlord  
  26  2:25  Drone x2  
  28  2:35  Overlord  
  28  2:37  Drone  
  29  2:44  Metabolic Boost  
  29  2:45  Drone  
  30  2:57  Drone x2  
  32  3:01  Zergling x2  
  33  3:09  Zergling x4  
  33  3:10  Evolution Chamber  
  34  3:17  Zergling x2, Overlord  
  35  3:26  Zergling x2  
  36  3:27  Zergling x2  
  36  3:29  Zergling x6  
  36  3:32  Zergling x6  
  43  3:41  Roach Warren, Zerg Melee Weapons Level 1  
  42  3:44  Zergling x2  
  42  3:45  Zergling x2  
  44  3:53  Zergling x4  
  46  4:01  Zergling x2  
  46  4:02  Zergling x2  
  48  4:17  Zergling x4  
  49  4:19  Spine Crawler  
  49  4:21  Spine Crawler  
  46  4:35  Zergling x6  
  46  4:36  Zergling x2  
  41  4:48  Drone x2  
  41  4:52  Lair  
  43  4:59  Roach x4  
  51  5:00  Overlord x2  
  51  5:03  Overlord  
  50  5:25  Drone x3, Roach x2  
  57  5:34  Extractor  
  56  5:39  Drone x2  
  58  5:44  Drone  
  59  6:17  Drone x5, Roach x2  
  59  6:18  Drone  
  69  6:24  Roach  
  69  6:25  Roach  
  73  6:33  Hydralisk Den  
  73  6:34  Extractor x2  
  73  6:38  Hatchery, Zerg Missile Weapons Level 1  
  73  6:39  Zergling x2, Overlord  
  70  6:41  Zergling x2  
  71  6:48  Hatchery  
  70  7:01  Roach x3  
  70  7:02  Drone, Zergling x4  
  75  7:10  Overlord x2  
  75  7:22  Overlord x3  
  75  7:23  Lurker Den  
  73  7:38  Infestation Pit  
  73  7:39  Drone x2  
  73  7:40  Drone x3  
  73  7:43  Drone  
  72  8:20  Roach  
  72  8:21  Zergling x8, Roach x2  
  79  8:27  Drone x5  
  79  8:28  Drone x5  
  89  8:42  Spore Crawler  
  89  8:44  Spine Crawler, Hive  
  89  8:48  Muscular Augments  
  87  8:50  Zerg Ground Armor Level 1  
  87  8:57  Drone, Evolution Chamber  
  87  8:58  Drone  
  85  9:21  Hydralisk x4, Roach x2  
  85  9:22  Hydralisk, Roach  
  100  9:31  Hydralisk  
  100  9:32  Hydralisk  
  100  9:33  Drone x2  
  106  9:39  Spine Crawler  
  106  9:40  Spine Crawler  
  106  9:42  Drone  
  106  9:43  Drone  
  106  9:55  Spine Crawler  
  106  9:59  Lurker x2  
  109  10:00  Lurker x4  
  111  10:15  Hydralisk x2  
  111  10:16  Drone  
  111  10:17  Drone x3, Overlord x2  
  119  10:26  Hydralisk  
  119  10:28  Overlord x2  
  121  10:32  Extractor  
  121  10:33  Extractor  
  119  10:43  Zerg Melee Weapons Level 2  
  119  10:45  Zerg Missile Weapons Level 2  
  119  10:48  Seismic Spines  
  112  10:58  Hydralisk x2  
  112  10:59  Zergling x2  
  112  11:00  Zergling x8, Overlord  
  121  11:08  Spore Crawler x2  
  121  11:09  Spore Crawler  
  118  11:16  Spore Crawler  
  74  11:57  Hydralisk x3  
  74  11:58  Hydralisk, Zergling x2  
  74  11:59  Zergling x6, Roach x2  
  82  12:13  Hydralisk x3  
  82  12:28  Drone x4  
  86  12:30  Hatchery  
  86  12:34  Queen  
  86  12:36  Spore Crawler  
  86  12:38  Hatchery  
  86  12:40  Spore Crawler x2  
  83  12:47  Ultralisk Cavern  
  83  12:48  Drone x4  
  83  12:50  Spore Crawler  
  85  13:12  Hydralisk x5  
  83  13:22  Hydralisk x2  
  83  13:23  Zergling x4  
  90  13:27  Drone x2  
  90  13:32  Lurker x2  
  90  13:33  Lurker  
  91  13:40  Drone x2  
  91  13:41  Drone  
  94  13:46  Roach x2  
  94  13:47  Drone  
  99  13:52  Lurker x2  
  99  13:53  Lurker  
Show
View Real Time Build Order
Export as new Build Order

Massa Terran - Winner!

Build Orders:  

Get SALT Encoding   

  12  0:01  SCV  
  13  0:13  SCV  
  14  0:20  Supply Depot  
  14  0:25  SCV  
  15  0:41  SCV  
  15  0:42  Barracks  
  16  0:46  Refinery  
  16  0:53  SCV  
  17  1:01  Barracks  
  17  1:06  SCV  
  18  1:16  Supply Depot  
  18  1:21  SCV  
  19  1:33  Barracks  
  19  1:36  Marine  
  20  1:40  SCV  
  21  1:48  Barracks Tech Lab  
  21  2:01  Orbital Command  
  21  2:02  Marine  
  21  2:07  Stimpack  
  22  2:10  Marine  
  23  2:24  Marine, Supply Depot  
  23  2:25  Marine  
  25  2:33  Marine  
  26  2:42  Marine  
  26  2:43  Marine  
  30  2:51  Marauder  
  30  2:59  Marine, Supply Depot  
  30  3:01  Marine  
  34  3:12  Marauder  
  34  3:17  Marine  
  34  3:19  Marine  
  36  3:34  Marauder  
  38  3:35  Marine  
  38  3:39  Command Center  
  39  3:48  Marine  
  39  3:53  Marine  
  39  3:54  Concussive Shells  
  39  3:55  Marauder  
  29  4:12  Marine  
  29  4:13  Marine  
  29  4:17  SCV, Marauder  
  29  4:26  Bunker  
  29  4:30  Marine x2  
  32  4:31  SCV  
  32  4:38  Marauder  
  34  4:40  Factory  
  34  4:43  Combat Shield  
  34  4:48  Marine  
  34  4:51  Marine  
  36  5:12  Marauder, Marine x2  
  35  5:30  Marine  
  35  5:31  Orbital Command  
  35  5:33  SCV, Marauder  
  38  5:39  Barracks Reactor  
  38  5:45  SCV  
  38  5:47  Marine  
  40  5:52  Refinery  
  40  5:55  Marauder  
  42  5:57  SCV  
  43  6:09  SCV  
  44  6:20  Marauder, Marine x2  
  44  6:21  Marine  
  44  6:23  Factory Tech Lab  
  49  6:28  Starport  
  49  6:38  Marine  
  50  7:04  Barracks Reactor, Marauder, Marine  
  50  7:05  Marine  
  50  7:07  SCV x2  
  56  7:11  Siege Tank  
  59  7:17  Engineering Bay  
  59  7:19  SCV x2  
  59  7:21  Refinery, Marine  
  59  7:22  Refinery  
  62  7:39  Supply Depot x3  
  62  7:40  Supply Depot  
  62  7:41  Starport Reactor  
  62  7:59  Terran Infantry Weapons Level 1  
  62  8:00  SCV x2, Marine x2  
  66  8:07  Command Center  
  66  8:12  SCV x2  
  68  8:24  SCV x2  
  70  8:27  Medivac  
  70  8:28  Medivac  
  70  8:34  Siege Tank  
  77  8:40  Missile Turret  
  77  8:42  Missile Turret  
  77  8:46  SCV  
  77  8:48  SCV  
  79  8:57  Liberator  
  79  8:58  SCV  
  79  9:00  SCV  
  71  9:29  SCV x2  
  72  9:35  Medivac  
  64  9:41  SCV x2  
  62  9:54  SCV x2  
  62  9:55  Planetary Fortress  
  64  10:06  SCV x2, Missile Turret  
  66  10:18  SCV x2  
  68  10:34  Viking x2  
  72  10:37  Marauder, Marine x4  
  72  10:38  SCV x3  
  81  10:50  SCV x3  
  81  10:54  Marine  
  85  10:58  Marauder  
  85  11:02  SCV x2  
  80  11:16  Viking x2  
  84  11:22  Starport  
  84  11:23  Starport  
  84  11:28  Armory  
  84  11:29  Terran Infantry Armor Level 1  
  84  11:33  Engineering Bay  
  84  11:34  Siege Tank  
  84  11:35  Marauder, Marine x3  
  84  11:36  Marine  
  93  11:48  Barracks x2  
  93  11:53  Marine x2  
  93  11:54  Barracks  
  95  11:57  Marauder  
  95  12:00  SCV x3  
  100  12:05  Missile Turret  
  100  12:09  Missile Turret  
  100  12:11  Viking  
  100  12:12  SCV x3, Viking  
  107  12:15  Starport Tech Lab  
  107  12:17  Starport Reactor  
  107  12:24  SCV  
  104  12:44  Raven  
  104  12:45  Viking  
  108  12:51  Supply Depot  
  108  12:52  Supply Depot  
  108  12:53  Supply Depot  
  108  12:54  Supply Depot  
  108  12:56  Supply Depot  
  108  13:00  Command Center  
  108  13:02  Barracks Tech Lab  
  108  13:03  Barracks Reactor x2  
  108  13:07  Marine  
  109  13:12  Marine x2  
  109  13:13  SCV x2, Marauder, Viking  
  109  13:14  SCV  
  109  13:17  Supply Depot  
  118  13:20  Supply Depot  
  118  13:23  Viking  
  118  13:24  Viking  
  118  13:25  SCV  
  118  13:26  SCV  
  124  13:28  SCV  
  124  13:32  Refinery x2  
  127  13:34  Marauder  
  129  13:42  Marauder, Marine  
  129  13:43  Marine x4  
Show
View Real Time Build Order
Export as new Build Order

Theta Zerg 

Build Orders: Hatch First, Lurkers 

Get SALT Encoding   

  12  0:03  Drone  
  13  0:15  Overlord  
  13  0:19  Drone  
  14  0:34  Drone x2  
  16  0:37  Drone  
  17  0:57  Drone  
  17  0:58  Hatchery  
  17  1:00  Extractor  
  17  1:01  Drone  
  17  1:16  Spawning Pool  
  16  1:24  Drone x2  
  18  1:30  Drone  
  19  1:42  Overlord  
  19  2:00  Drone  
  20  2:03  Metabolic Boost  
  20  2:04  Queen  
  22  2:11  Queen  
  22  2:14  Zergling x4  
  27  2:15  Zergling x2  
  27  2:25  Baneling Nest  
  26  2:30  Overlord  
  26  2:47  Zergling x4  
  26  2:48  Zergling x6  
  31  3:08  Zergling x4  
  31  3:09  Zergling x2  
  34  3:18  Zergling x4  
  34  3:19  Zergling x6  
  39  3:38  Baneling x2  
  39  3:39  Baneling x3  
  34  4:04  Zergling x2  
  34  4:05  Zergling x14  
  41  4:35  Zergling x12  
  40  4:51  Queen  
  42  4:54  Zergling x2  
  42  4:59  Baneling  
  43  5:00  Baneling x2  
  43  5:01  Baneling x2  
  35  5:27  Drone x2  
  35  5:28  Drone  
  37  5:34  Drone, Roach Warren  
  37  5:35  Drone x5  
  42  5:37  Lair  
  42  5:40  Extractor  
  41  5:43  Overlord  
  36  6:16  Zergling x18  
  43  6:21  Baneling x2  
  43  6:22  Baneling x3  
  43  6:29  Roach x4  
  51  6:35  Extractor  
  51  6:36  Drone  
  51  6:37  Overlord  
  51  6:42  Glial Reconstitution  
  51  6:47  Evolution Chamber  
  47  7:03  Overlord  
  47  7:04  Overlord  
  47  7:21  Hatchery  
  46  7:38  Zerg Missile Weapons Level 1  
  46  7:39  Drone  
  46  7:40  Drone x3  
  46  7:42  Hydralisk Den  
  49  7:47  Overlord  
  47  8:18  Drone x2, Evolution Chamber  
  47  8:19  Drone x6  
  49  8:26  Muscular Augments  
  48  8:35  Drone  
  48  8:36  Queen  
  48  8:39  Ravager x2  
  48  8:40  Ravager  
  54  8:41  Ravager  
  55  8:58  Hatchery  
  55  9:01  Overseer  
  54  9:03  Drone x2  
  46  9:33  Drone x3  
  46  9:35  Zerg Missile Weapons Level 2  
  46  9:36  Zerg Ground Armor Level 1  
  49  9:39  Lurker Den  
  49  9:43  Roach x5  
  49  9:44  Hatchery  
  57  9:53  Drone  
  57  9:56  Grooved Spines  
  57  9:59  Extractor  
  57  10:09  Drone x3  
  57  10:10  Drone  
  61  10:17  Overlord x2  
  61  10:18  Hydralisk x2  
  65  10:25  Drone  
  66  10:28  Overlord x2  
  66  10:38  Hydralisk x4  
  74  10:48  Drone x3, Infestation Pit  
  72  10:59  Hydralisk x3  
  72  11:00  Hydralisk x2  
  80  11:17  Drone, Queen  
  83  11:20  Drone x5  
  83  11:21  Drone x3  
  91  11:27  Overseer  
  62  11:56  Hydralisk  
  62  11:57  Hydralisk x12  
  88  12:13  Drone x2, Extractor  
  88  12:14  Drone x3  
  88  12:15  Extractor  
  89  12:16  Overlord x3  
  89  12:29  Hive  
  89  12:53  Drone x2  
  91  13:01  Hatchery, Lurker x3  
  91  13:02  Lurker  
  95  13:07  Extractor, Lurker  
  95  13:13  Pneumatized Carapace  
  95  13:22  Overseer  
  96  13:31  Hatchery  
  95  13:36  Hydralisk  
  95  13:37  Hydralisk x10  
  95  13:40  Overlord x2  
  111  13:56  Lurker x3  
Show
View Real Time Build Order
Export as new Build Order

IIIIIIIIII Terran 

Build Orders: 2 Factory 

Get SALT Encoding   

  12  0:00  SCV  
  13  0:12  SCV  
  14  0:18  Supply Depot  
  14  0:24  SCV  
  15  0:40  SCV  
  15  0:41  Barracks  
  16  0:45  Refinery  
  16  0:52  SCV  
  17  0:59  Refinery  
  17  1:24  SCV  
  18  1:27  Supply Depot  
  18  1:31  Reaper  
  19  1:38  Orbital Command  
  19  1:59  Factory  
  19  2:03  Reaper  
  20  2:08  SCV  
  21  2:18  Factory  
  21  2:23  SCV  
  22  2:45  Hellion  
  24  2:52  SCV, Barracks Tech Lab  
  25  3:04  Hellion  
  27  3:06  SCV  
  28  3:20  Barracks Reactor  
  28  3:22  Siege Tank  
  28  3:23  Infernal Pre-Igniter  
  31  3:40  Armory  
  31  3:54  Supply Depot x2  
  31  3:56  SCV, Hellion  
  31  3:59  Bunker  
  34  4:21  Siege Tank  
  37  5:07  Command Center  
  37  5:20  SCV  
  35  5:32  SCV  
  35  5:42  Starport  
  35  5:49  Marine  
  36  5:54  Siege Tank  
  36  5:56  Hellion x2  
  43  6:00  Terran Vehicle And Ship Armor Level 1  
  41  6:07  Marine  
  42  6:19  Hellion x2  
  42  6:24  Marine  
  47  6:29  Siege Tank  
  50  6:38  Viking  
  52  6:48  Marine  
  52  6:53  Armory, Hellion  
  53  7:08  Hellion x4  
  53  7:14  SCV  
  53  7:15  Orbital Command  
  54  7:19  Refinery  
  54  7:22  Medivac  
  56  7:26  SCV  
  57  7:38  SCV  
  57  7:40  Armory  
  58  7:46  SCV  
  58  7:48  Siege Tank  
  58  7:50  SCV, Hellion x2  
  65  8:26  Hellion  
  65  8:27  Hellion  
  63  8:32  Factory  
  63  8:38  Barracks Tech Lab  
  63  8:39  Starport, Terran Ship Weapons Level 1  
  63  8:42  Starport Tech Lab  
  63  8:43  Fusion Core  
  63  8:47  Siege Tank  
  63  8:48  Hellion x2  
  70  9:16  Terran Vehicle And Ship Armor Level 2  
  70  9:17  Starport Tech Lab  
  70  9:19  Hellion  
  70  9:25  Supply Depot  
  70  9:26  Supply Depot  
  70  9:39  Hellion  
  64  9:52  Hellion  
  66  9:54  Battlecruiser  
  66  9:57  Supply Depot  
  72  10:00  Hellion  
  72  10:05  Refinery  
  74  10:14  Hellion  
  76  10:31  SCV x2  
  78  10:36  Battlecruiser  
  84  10:46  Command Center  
  84  10:47  SCV x2  
  77  11:06  Hellion x2  
  79  11:21  Fusion Core  
  73  11:27  Hellion x2  
  67  11:53  Engineering Bay  
  53  12:12  Battlecruiser  
  59  12:16  Battlecruiser  
  55  12:44  SCV x2  
  57  12:56  SCV x2  
  59  13:06  Missile Turret  
  59  13:08  SCV x2  
  61  13:20  SCV  
  61  13:21  SCV  
  63  13:28  Missile Turret  
  63  13:32  SCV  
  63  13:33  Starport Tech Lab  
  64  13:42  SCV  
  64  13:44  SCV  
  66  13:54  SCV  
Tags
 
Add a new tag
Caveats
  • Supply blocks, unpowered buildings, or Contaminate may cause inaccurate times.
  • Supply counts are checked every 10 seconds.